 Dungeon Crawl Stone Soup version 0.29-a0-857-g9b1aa3ac5b (webtiles) character file.

Game seed: 1515816210776612619

13597 yokelz the Severer (level 11, -1/102 HPs)
             Began as a Minotaur Berserker on July 16, 2022.
             Was an Elder of Trog.
             Slain by a cyclops (18 damage)
             ... on level 10 of the Dungeon.
             The game lasted 00:20:27 (10302 turns).

yokelz the Severer (Minotaur Berserker)            Turns: 10302, Time: 00:20:33

Health: -1/102     AC: 27    Str: 26    XL:     11   Next: 77%
Magic:  10/10      EV:  8    Int:  3    God:    Trog [****..]
Gold:   613        SH:  0    Dex: 10    Spells: 10/10 levels left

rFire   + . .      SeeInvis .   e - +0 broad axe
rCold   . . .      Faith    .   (no shield)
rNeg    + . .      Spirit   .   J - +2 plate armour {rPois}
rPois   +          Reflect  .   (helmet restricted)
rElec   .          Harm     .   H - +2 ratskin cloak {*Rats rPois rN+ Str-1 Int-1 Dex+1}
rCorr   .          Rampage  .   d - +1 pair of gloves
Will    .....                   i - +2 pair of boots
Stlth   ..........              p - amulet of the acrobat
HPRegen 0.27/turn               u - ring of poison resistance
MPRegen 0.12/turn               D - ring of protection from fire

@: about to teleport, on berserk cooldown, slowed, studying Shields, very slow
A: horns 2, retaliatory headbutt
a: Renounce Religion, Berserk, Trog's Hand, Brothers in Arms


You were on level 10 of the Dungeon.
You worshipped Trog.
Trog was greatly pleased with you.
You visited 1 branch of the dungeon, and saw 10 of its levels.
You also visited: Bailey.

You collected 721 gold pieces.
You spent 108 gold pieces at shops.

Inventory:

Hand Weapons
 a - a +0 hand axe
 e - a +0 broad axe (weapon)
 v - a +0 war axe
Armour
 d - a +1 pair of gloves (worn)
 i - a +2 pair of boots (worn)
 H - the +2 ratskin cloak (worn) {*Rats rPois rN+ Str-1 Int-1 Dex+1}
   (You found it on level 9 of the Dungeon)

   When the wearer is hurt, rats may emerge from it to assist them.
   Str:       It affects your strength (-1).
   Int:       It affects your intelligence (-1).
   Dex:       It affects your dexterity (+1).
   rPois:     It protects you from poison.
   rN:        It protects you from negative energy.
 J - a +2 plate armour of poison resistance (worn)
Jewellery
 p - an amulet of the acrobat (around neck)
 u - a ring of poison resistance (left hand)
 D - a ring of protection from fire (right hand)
 I - a ring of see invisible
Wands
 h - a wand of mindburst (25)
 j - a wand of flame (61)
Scrolls
 c - 4 scrolls of vulnerability {unknown}
 f - 4 scrolls of fog {unknown}
 n - 4 scrolls of teleportation
 o - 3 scrolls of enchant armour
 s - 2 scrolls of amnesia {unknown}
 w - 3 scrolls of blinking
 y - a scroll of fear {unknown}
 E - 2 scrolls of enchant weapon {unknown}
Potions
 b - a potion of resistance
 k - 6 potions of curing
 l - 2 potions of haste
 m - 2 potions of ambrosia
 q - a potion of might
 r - 2 potions of flight {unknown}
 x - 3 potions of brilliance {unknown}
 z - a potion of attraction {unknown}
 A - 2 potions of heal wounds
 B - a potion of cancellation {unknown}
 C - a potion of magic {unknown}
 F - a potion of mutation {unknown}
 G - 2 potions of invisibility {unknown}


   Skills:
 + Level 11.4 Fighting
 + Level 16.4 Axes
 + Level 11.9 Armour
 - Level 2.1 Dodging


You had 10 spell levels left.
You didn't know any spells.
Your spell library was empty.

Dungeon Overview and Level Annotations

Branches:
Dungeon (10/15)            Temple (0/1) D:6            Lair (0/6) D:9
 Bailey (visited)
    Orc: D:9-12

Altars:
Ashenzari
Elyvilon
Hepliaklqana
Kikubaaqudgha
Makhleb
Okawaru
Qazlal
Ru
Trog
Xom
Yredelemnul
The Shining One

Shops:
D:3 [(*:

Annotations:
D:10 1 runed translucent door


Innate Abilities, Weirdness & Mutations

You have a pair of horns on your head.
You reflexively headbutt those who attack you in melee.


Message History

Unknown command.
Unknown command.
Unknown command.
Unknown command.
Unknown command.
Unknown command.
Unknown command.
Unknown command.
Unknown command.
Unknown command.
Unknown command.
Unknown command.
Unknown command.
Unknown command.
Unknown command.
Unknown command.
Unknown command.
Unknown command.
Unknown command.
Unknown command.
Unknown command.
Unknown command.
Unknown command.
Unknown command.
Unknown command.
Unknown command.
Unknown command.
Unknown command.
Unknown command.
Unknown command.
Unknown command.
Unknown command.
Unknown command.
As you read the scroll of teleportation, it crumbles to dust.
You feel strangely unstable.
The centaur shoots an arrow.
The arrow hits you.
* * * LOW HITPOINT WARNING * * *
The centaur shoots an arrow.
The arrow hits you but does no damage.
The skeletal warrior hits you but does no damage.
The cyclops hits you!!
You die...

....# ..... . ##.....
... .......
............## ##.....
#...........#.##....
.......##......))# #
.....#..#.....†))#
.###...#..#.....@C.#
...#..........#.†z.#
............###.{..##
............#.......#
...............c##'##
..........##....##..
...........###...#...
.......†...##..###....
...........#...# ####


You could see a skeletal warrior, a cyclops and a centaur.

Vanquished Creatures
  2 vault guards (Bailey)
  The ghost of MirrMurr the Slicer, a novice KoBe of Trog (D:7)
  Pikel (D:4)
  2 ugly things
  Maurice (D:8)
  A komodo dragon (D:10)
  2 trolls
  A slime creature (shapeshifter) (D:9)
  Prince Ribbit (D:7)
  A blink frog (Bailey)
  A slime creature (D:9)
  A vampire (D:5)
  Sigmund (D:5)
  A wraith (D:9)
  15 yaks
  A wyvern (D:9)
  6 humans (Bailey)
  A basilisk (D:10)
  Grum (D:8)
  4 vampire mosquitoes
  Menkaure (D:4)
  A water moccasin (D:5)
  An orc warrior (D:7)
  3 ice beasts
  A sky beast (D:8)
  3 black bears
  2 ogres (D:5)
  3 wolves
  4 centaurs
  3 phantoms
  4 lemures (D:4)
  A kobold brigand (D:9)
  Blork the orc (D:4)
  9 bullfrogs
  5 gnoll sergeants
  A scorpion (D:5)
  3 wights (D:9)
  A killer bee (D:9)
  6 howler monkeys
  3 orc priests
  7 hounds
  2 gnoll boudas (D:7)
  2 jellies
  3 iguanas (D:5)
  6 orc wizards
  10 adders
  32 gnolls
  2 white imps (D:5)
  2 worms (D:3)
  2 dart slugs (D:1)
  21 orcs
  5 bats
  9 endoplasms
  9 giant cockroaches
  11 goblins
  9 hobgoblins
  3 jackals (D:4)
  3 quokkas
  8 ball pythons
  2 frilled lizards (D:1)
  4 kobolds
253 creatures vanquished.

Vanquished Creatures (others)
  An orc wizard (D:7)
1 creature vanquished.

Grand Total: 254 creatures vanquished

Notes
Turn   | Place    | Note
-------+----------+-------------------------------------------
     0 | D:1      | yokelz the Minotaur Berserker began the quest for the Orb.
     0 | D:1      | Reached XP level 1. HP: 19/19 MP: 0/0
   147 | D:1      | Reached skill level 4 in Axes
   297 | D:1      | Reached XP level 2. HP: 26/26 MP: 1/1
   767 | D:1      | Reached skill level 5 in Axes
   835 | D:1      | Reached XP level 3. HP: 31/31 MP: 2/2
   871 | D:1      | Reached ** piety under Trog
  1241 | D:2      | Reached skill level 6 in Axes
  1241 | D:2      | Reached XP level 4. HP: 20/39 MP: 3/3
  1629 | D:2      | Found a basalt altar of Yredelemnul.
  1718 | D:3      | Found Fablur's Assorted Antiques.
  1763 | D:3      | Found Wofucs's Weapon Boutique.
  1873 | D:3      | Reached skill level 7 in Axes
  1873 | D:3      | Reached XP level 5. HP: 45/45 MP: 4/4
  1890 | D:3      | Found Uffyo's Book Boutique.
  1973 | D:3      | Found a hazy altar of Hepliaklqana.
  2006 | D:3      | Found Nuonoal's Antique Armour Emporium.
  2018 | D:3      | Bought a cloak for 108 gold pieces
  2053 | D:3      | Found an iron altar of Okawaru.
  2148 | D:4      | Noticed Menkaure
  2163 | D:4      | Killed Menkaure
  2164 | D:4      | Reached XP level 6. HP: 53/53 MP: 5/5
  2292 | D:4      | Noticed Pikel
  2330 | D:4      | Killed Pikel
  2331 | D:4      | Reached skill level 5 in Armour
  2331 | D:4      | Reached XP level 7. HP: 66/66 MP: 6/6
  2454 | D:4      | Found a glowing golden altar of the Shining One.
  2857 | D:4      | Found a broken altar of Ashenzari.
  2896 | D:4      | Found a white marble altar of Elyvilon.
  2913 | D:4      | Noticed Blork the orc
  2925 | D:4      | Killed Blork the orc
  3326 | D:5      | Entered Level 5 of the Dungeon
  3388 | D:5      | Reached skill level 8 in Axes
  3388 | D:5      | Reached XP level 8. HP: 67/73 MP: 7/7
  3393 | D:5      | Reached *** piety under Trog
  3468 | D:5      | Identified the +6 scale mail of Privacy {Will+ Str-3 Dex+3}
  3537 | D:5      | Reached skill level 9 in Axes
  3571 | D:5      | Reached skill level 10 in Axes
  3822 | D:5      | Reached skill level 11 in Axes
  3891 | D:5      | Reached XP level 9. HP: 6/79 MP: 8/8
  4283 | D:5      | Noticed Sigmund
  4293 | D:5      | Killed Sigmund
  4337 | D:5      | Noticed a troll
  4445 | D:5      | Reached skill level 12 in Axes
  4456 | D:5      | Killed a troll
  4907 | D:6      | Found a staircase to the Ecumenical Temple.
  5094 | D:6      | Identified the +11 flail of the Crushed Emperors {vorpal,
                  | rElec rN+ rCorr}
  5491 | D:7      | Found a burning altar of Makhleb.
  5503 | D:7      | Noticed Prince Ribbit
  5524 | D:7      | Reached **** piety under Trog
  5538 | D:7      | Killed Prince Ribbit
  5539 | D:7      | Reached skill level 13 in Axes
  6404 | D:7      | Found a large runed translucent door.
  6404 | D:7      | Found a large runed translucent door.
  6406 | D:8      | Noticed Grum
  6413 | D:7      | Noticed MirrMurr's ghost (novice KoBe)
  6754 | D:7      | Reached XP level 10. HP: 90/90 MP: 9/9
  6903 | D:7      | Killed MirrMurr's ghost
  7094 | D:8      | Killed Grum
  7229 | D:8      | Found a bloodstained altar of Trog.
  7329 | D:8      | Reached skill level 14 in Axes
  7445 | D:8      | Noticed Maurice
  7452 | D:8      | Killed Maurice
  7485 | D:8      | Found an ancient bone altar of Kikubaaqudgha.
  7738 | D:8      | Found a shimmering altar of Xom.
  8161 | D:9      | Reached skill level 10 in Armour
  8485 | D:9      | Reached skill level 10 in Fighting
  8656 | D:9      | Found a flagged portal.
  8681 | Bailey   | Entered a bailey
  8912 | Bailey   | Reached XP level 11. HP: 100/100 MP: 10/10
  8946 | Bailey   | Reached skill level 15 in Axes
  8983 | Bailey   | Noticed a vault guard
  9010 | Bailey   | Killed a vault guard
  9123 | Bailey   | Noticed a vault guard
  9133 | Bailey   | Killed a vault guard
  9247 | D:9      | Found a stormy altar of Qazlal.
  9357 | D:9      | Found a staircase to the Lair.
  9405 | D:9      | Noticed a cyan ugly thing
  9414 | D:9      | Killed a cyan ugly thing
  9470 | D:9      | Found the +2 ratskin cloak {*Rats rPois rN+ Str-1 Int-1
                  | Dex+1}
  9604 | D:9      | Found a sacrificial altar of Ru.
  9680 | D:10     | Entered Level 10 of the Dungeon
  9680 | D:10     | Found a runed translucent door.
  9821 | D:9      | Reached skill level 16 in Axes
 10272 | D:10     | Noticed a brown ugly thing
 10273 | D:10     | Noticed an ogre mage
 10275 | D:10     | Noticed a skeletal warrior
 10286 | D:10     | Killed a brown ugly thing
 10302 | D:10     | Slain by a cyclops

Illustrated notes

Levels and vault maps discovered:
D:1:      lordsloth_arrival_two_stooges, layout_loops_corners,
          minmay_worlds_worst_comb
D:2:      layout_basic, basic_altar, due_unseen_surprise
D:3:      layout_rooms, kennysheep_okawaru_gauntlet, overflow_temple_1_default,
          serial_shops, nicolae_shop_bloodbath_and_beyond,
          nicolae_shop_statue_plus, shop, shop_coins, amethyst_killhole,
          chequers_serial_rivers_micro_e, chequers_serial_rivers_micro_e
D:4:      layout_basic, lemuel_crystal_altar, old_standard_altar,
          cheibrodos_ashenzari_chains, minmay_fractal_squares_gapless_5,
          uniq_menkaure, uniq_blork_the_orc, uniq_pikel
D:5:      minmay_clustersquares, layout_cave_pools, minmay_manual_mares,
          uniq_sigmund
D:6:      layout_cave_pools, minmay_temple_entry_arrows
D:7:      layout_loops_ring, amcnicky_altar_gilded, ebering_ghost_disaster_area,
          serial_glass, glass_columns_b, glass_columns_b, item_on_display_a,
          minmay_strange_pillars, item_on_display_a, due_unseen_surprise,
          uniq_prince_ribbit1
D:8:      layout_loops_ring, old_standard_altar, mainiacjoe_overflow_24_doors,
          nicolae_kikubaaqudgha_miasma_corner, chequers_serial_rivers_micro_d,
          uniq_maurice, uniq_grum
D:9:      layout_loops_ring, mainiacjoe_overflow_chevrons,
          nicolae_qazlal_general_emergency, lair_entry_dummy, enter_bailey_5,
          kennysheep_pointless_box, hangedman_abyss_or_decor_jellyfish_corner,
          hangedman_minor_gate_pass
D:10:     minmay_shrinking_squares, layout_cave_pools,
          mainiacjoe_overflow_paths, orc_0_dummy, serial_shops, shop_statue,
          minmay_st_funbox, nicolae_straight_to_the_point

Skill      XL: |  1  2  3  4  5  6  7  8  9 10 11 |
---------------+----------------------------------+-----
Axes           | 4 5 6 7 8 11 13 14 16 | 16.4
Fighting       | 4 7 8 10 11 | 11.4
Armour         | 3 5 6 8 10 11 | 11.9
Dodging        | |  2.1

Action                   |  1- 3 |  4- 6 |  7- 9 | 10-12 || total
-------------------------+-------+-------+-------+-------++-------
Melee: Hand axe          |    81 |   102 |    64 |       ||   247
       Headbutt          |    11 |    21 |    54 |    71 ||   157
       War axe           |       |       |   208 |   226 ||   434
       Punch             |       |       |     3 |     3 ||     6
       Broad axe         |       |       |       |   111 ||   111
Invok: Berserk           |       |     2 |     6 |     7 ||    15
       Trog's Hand       |       |       |       |     1 ||     1
       Brothers in Arms  |       |       |       |     1 ||     1
  Use: Scroll            |       |     1 |     6 |     6 ||    13
       Potion            |       |       |     2 |     1 ||     3
 Stab: Sleeping          |     1 |       |       |       ||     1
Armor: Leather armour    |    10 |       |       |       ||    10
       Plate armour      |    28 |    60 |   177 |   218 ||   483
Dodge: Dodged            |    29 |    34 |   125 |   143 ||   331

Table legend: (Time is in decaauts)
 A = Elapsed time spent in this place.
 B = Non-inter-level travel time spent in this place.
 C = Inter-level travel time spent in this place.
 D = Time resting spent in this place.
 E = Time spent auto-exploring this place.
 F = Levels seen in this place.
 G = Mean time per level.
                   A        B        C        D        E       F      G
               +--------+--------+--------+--------+--------+-----+--------+
         Total |  10345 |  10062 |    283 |   2639 |   5675 |  11 |  940.5 |
       Dungeon |   9850 |   9567 |    283 |   2489 |   5492 |  10 |  985.0 |
        Bailey |    495 |    495 |      0 |    150 |    183 |   1 |  495.0 |
               +--------+--------+--------+--------+--------+-----+--------+

Top non-repeatable levels by time:
     D:9: 1665 daAuts
     D:7: 1631 daAuts
     D:5: 1539 daAuts
     D:4: 1285 daAuts
     D:1: 1051 daAuts
     D:8: 949 daAuts
     D:2: 671 daAuts
     D:6: 552 daAuts
  Bailey: 495 daAuts
     D:3: 395 daAuts
    D:10: 108 daAuts
